 Dungeon Crawl Stone Soup version 0.23.1 (webtiles) character file.

Game seed: 5653559029415429309

753 Fang the Skirmisher (level 7, 0/44 HPs)
             Began as a Gargoyle Berserker on Mar 7, 2019.
             Was a Believer of Trog.
             Killed by divine providence
             ... invoked by an orc priest
              (10 damage)
             ... on level 6 of the Dungeon.
             The game lasted 00:02:56 (3228 turns).

Fang the Skirmisher (Gargoyle Berserker)            Turns: 3228, Time: 00:02:57

Health: 0/44       AC: 14    Str: 22    XL:     7   Next: 78%
Magic:  7/7        EV:  9    Int:  8    God:    Trog [**....]
Gold:   323        SH:  0    Dex:  9    Spells: 6/6 levels left

rFire    . . .     SeeInvis .   d - +1 hand axe (flame)
rCold    . . .     Gourm    .   (no shield)
rNeg     + . .     Faith    .   n - +0 chain mail
rPois    ∞         Spirit   .   (no helmet)
rElec    +         Reflect  .   (no cloak)
rCorr    .         Harm     .   (no gloves)
MR       .....                  (no boots)
Stlth    ..........             (no amulet)
HPRegen  0.14/turn              (no ring)
MPRegen  0.10/turn              (no ring)

@: berserk cooldown, slowed, very slow
A: negative energy resistance 1, electricity resistance, unbreathing,
petrification resistance, rot immunity, AC +4
a: Berserk, Trog's Hand, Renounce Religion


You were on level 6 of the Dungeon.
You worshipped Trog.
Trog was pleased with you.
You were very hungry.

You visited 1 branch of the dungeon, and saw 6 of its levels.

You collected 323 gold pieces.

Inventory:

Hand Weapons
 a - a +0 hand axe
 d - a +1 hand axe of flaming (weapon)
Armour
 n - a +0 chain mail (worn)
Wands
 s - a wand of acid (8)
Scrolls
 e - 9 scrolls of identify {unknown}
 f - a scroll of amnesia {unknown}
 i - a scroll of teleportation {unknown}
 j - 2 scrolls of fog {unknown}
 q - a scroll of fear {unknown}
 r - a scroll of enchant armour {unknown}
 t - 2 scrolls of noise {unknown}
 w - a scroll of enchant weapon {unknown}
Potions
 b - a potion of mutation {unknown}
 g - a potion of haste {unknown}
 h - 4 potions of curing {unknown}
 k - 3 potions of might {unknown}
 l - a potion of lignification {unknown}
 m - 2 potions of flight {unknown}
 o - 3 potions of cancellation {unknown}
 p - a potion of heal wounds {unknown}
 u - a potion of degeneration {unknown}
 v - a potion of agility
Comestibles
 c - 10 rations
 x - a chunk of flesh


   Skills:
 + Level 5.6 Fighting
 + Level 4.6 Axes
 + Level 5.0 Armour
 + Level 3.7 Dodging


You had 6 spell levels left.
You didn't know any spells.
Your spell library was empty.

Dungeon Overview and Level Annotations

Branches:
Dungeon (6/15)
 Temple: D:4-7

Altars:
Gozag
Nemelex Xobeh
Ru
Trog

Annotations:
D:5 Grinder


Innate Abilities, Weirdness & Mutations

You are resistant to torment.
Your stone body is resilient. (AC +4)
You are immune to poison.
You resist negative energy. (rN+)
You are resistant to electric shocks. (rElec)
You can survive without breathing.
You are immune to petrification.
You are immune to rotting.


Message History

The orc shouts!
The orc priest shouts!
You hear a shout!
Things that are here:
a +0 giant club; an ogre corpse An orc priest comes into view.
It is wielding a +0 mace.
The orc priest shouts!
The orc priest mumbles some strange prayers to Beogh against you.
Pain shoots through your body!
* * * LOW HITPOINT WARNING * * *
An orc comes into view. It is wielding a +0 hand axe.
Things that are here:
a +0 giant club; an ogre corpse You butcher the ogre corpse.
A centaur comes into view.
Things that are here:
a +0 giant club; 4 chunks of flesh; an ogre skeleton The centaur shouts!
A centaur comes into view.
The orc priest invokes the aid of Beogh against you.
Beogh smites you!
You die...

# ###############
###.##..^(.....o....
??.........)@o.o.c.c
##..#.....#<.o)####
#####.#.##.# #.#.#
.. #.#.# ## #....
###.# #.# ...


You could see 2 centaurs, 2 orc priests and 2 orcs.

Vanquished Creatures
  3 ogres
  A necrophage (D:4)
  A howler monkey (D:5)
  A jelly (D:6)
  2 orc priests (D:5)
  A bullfrog skeleton (D:4)
  Ijyb (D:3)
  2 orc wizards (D:5)
  2 worker ants
  A howler monkey zombie (D:5)
  5 adders
  An adder zombie (D:5)
  2 worms
  5 leopard geckos
  6 orcs (D:5)
  5 bats
  2 giant cockroaches
  7 hobgoblins
  2 jackals (D:3)
  2 kobolds
  4 quokkas
  4 frilled lizards
  10 goblins
  11 rats
81 creatures vanquished.

Notes
Turn   | Place    | Note
-------+----------+-------------------------------------------
     0 | D:1      | Fang the Gargoyle Berserker began the quest for the Orb.
     0 | D:1      | Reached XP level 1. HP: 14/14 MP: 1/1
   184 | D:1      | Reached XP level 2. HP: 18/19 MP: 2/2
   448 | D:2      | Found a faded altar of an unknown god.
   501 | D:2      | Reached XP level 3. HP: 14/23 MP: 3/3
   538 | D:2      | Reached ** piety under Trog
   668 | D:2      | Found an opulent altar of Gozag.
   783 | D:2      | Found a bloodstained altar of Trog.
  1145 | D:3      | Found a sacrificial altar of Ru.
  1201 | D:3      | Reached XP level 4. HP: 22/29 MP: 4/4
  1757 | D:3      | Noticed Ijyb
  1765 | D:3      | Killed Ijyb
  1765 | D:3      | Reached XP level 5. HP: 11/33 MP: 5/5
  1891 | D:3      | Found a sparkling altar of Nemelex Xobeh.
  2290 | D:4      | Noticed a necrophage
  2302 | D:4      | Killed a necrophage
  2302 | D:4      | Reached XP level 6. HP: 39/39 MP: 6/6
  2487 | D:5      | Entered Level 5 of the Dungeon
  2573 | D:5      | Reached skill level 5 in Fighting
  2573 | D:5      | Reached XP level 7. HP: 22/44 MP: 7/7
  3165 | D:5      | Noticed Grinder
  3171 | D:5      | Paralysed by Grinder for 4 turns
  3211 | D:6      | Reached skill level 5 in Armour
  3228 | D:6      | Killed from afar by an orc priest

Skill      XL: |  1  2  3  4  5  6  7 |
---------------+----------------------+-----
Axes           | 3 4 |  4.6
Dodging        | 2 3 |  3.7
Armour         | 3 4 5 |  5.0
Fighting       | 4 5 |  5.6

Action                   |  1- 3 |  4- 6 |  7- 9 || total
-------------------------+-------+-------+-------++-------
Melee: Hand axe          |    97 |   110 |    44 ||   251
Invok: Berserk           |       |     2 |     2 ||     4
  Eat: Chunk             |     1 |     5 |     4 ||    10
Armor: Animal skin       |    34 |       |       ||    34
       Chain mail        |       |    61 |    26 ||    87
Dodge: Dodged            |    63 |    44 |    14 ||   121
